 Dungeon Crawl Stone Soup version 0.28-a0-1038-g9c4cb8273d (webtiles) character file.

Game seed: 6368759861760122273

623 Majang the Chopper (level 7, -8/60 HPs)
             Began as a Ghoul Gladiator on Dec 8, 2021.
             Mangled by a hornet (10 damage)
             ... on level 7 of the Dungeon.
             The game lasted 00:12:27 (3007 turns).

Majang the Chopper (Ghoul Gladiator)                Turns: 3007, Time: 00:12:27

Health: -8/60      AC: 11    Str: 20    XL:     7   Next: 46%
Magic:  6/6        EV:  8    Int:  3    God:
Gold:   169        SH:  0    Dex: 10    Spells: 6/6 levels left

rFire   . . .      SeeInvis .   a - +0 war axe
rCold   + . .      Faith    .   (no shield)
rNeg    + + +      Spirit   .   e - +0 chain mail
rPois   ∞          Reflect  +   c - +0 helmet
rElec   .          Harm     .   r - +0 cloak
rCorr   .          Rampage  .   (no gloves)
Will    .....                   q - +0 pair of boots
Stlth   ..........              b - amulet of reflection
HPRegen 0.00/turn               t - ring of flight
MPRegen 0.10/turn               (no ring)

@: confused, ambrosia-drunk, flying, inhibited regen
A: claws 1, cold resistance 1, negative energy resistance 3, inhibited
regeneration, torment resistance 2
a: no special abilities


You were on level 7 of the Dungeon.
You visited 1 branch of the dungeon, and saw 5 of its levels.

You collected 251 gold pieces.
You spent 82 gold pieces at shops.

Inventory:

Hand Weapons
 a - a +0 war axe (weapon)
 s - a +1 flail of draining
Missiles
 h - 2 javelins (quivered)
Armour
 c - a +0 helmet (worn)
 e - a +0 chain mail (worn)
 q - a +0 pair of boots (worn)
 r - a +0 cloak (worn)
Jewellery
 b - an amulet of reflection (around neck)
 t - a ring of flight (left claw)
Wands
 u - a wand of digging (2)
Scrolls
 i - a scroll of noise {unknown}
 k - 4 scrolls of identify
 l - a scroll of magic mapping
 m - a scroll of fog
 n - a scroll of teleportation {unknown}
 o - 2 scrolls of blinking {unknown}
 p - a scroll of enchant armour {unknown}
Potions
 d - 2 potions of heal wounds {unknown}
 f - a potion of ambrosia
 g - a potion of magic {unknown}
 j - a potion of mutation {unknown}


   Skills:
 + Level 4.9 Fighting
 * Level 6.0 Axes
 + Level 2.3 Throwing
 + Level 1.4 Armour
 + Level 3.1 Dodging


You had 6 spell levels left.
You didn't know any spells.
Your spell library contained the following spells:

 Spells                   Type           Power      Damage    Failure   Level
 Slow                     Hex            0%         N/A       100%        1
 Confusing Touch          Hex            0%         N/A       100%        3
 Yara's Violent Unravell  Hex/Tmut       0%         3d3       100%        5
 Malign Gateway           Summ/Tloc      0%         N/A       100%        7
 Summon Horrible Things   Summ           0%         N/A       100%        8


Dungeon Overview and Level Annotations

Branches:
Dungeon (4/15)
 Temple: D:4-7

Altars:

Shops:
D:1 ?


Innate Abilities, Weirdness & Mutations

You thrive by killing the living.
You are immune to poison.
You have sharp fingernails.
Your flesh is cold resistant. (rC+)
You are immune to negative energy. (rN+++)
You do not regenerate when monsters are visible.
You are immune to unholy pain and torment.


Message History

Throw: 3 javelins
Press: ? - help, Q - select action Shift-Dir - straight line, f - hornet
Aim: a hornet (44% to hit)
You throw a javelin.
The javelin pierces through the hornet but does no damage.
You hit the hornet but do no damage. The hornet barely misses you.
You barely miss the hornet.
The hornet stings you but does no damage.
You block the hornet's attack.
You barely miss the hornet.
The hornet stings you but does no damage.
The hornet closely misses you.
You miss the hornet. The hornet closely misses you. The hornet stings you!
You hit the hornet but do no damage. The hornet stings you.
The hornet stings you!
You hit the hornet.
The hornet is lightly wounded.
The hornet stings you!
You slash the hornet!
The hornet is moderately wounded.
The hornet stings you.
The hornet stings you but does no damage.
You closely miss the hornet.
The hornet is moderately wounded.
The hornet stings you!
* * * LOW HITPOINT WARNING * * *
The hornet stings you!
* * * LOW HITPOINT WARNING * * *
Unknown command.
It was a potion of ambrosia.
You are confused.
You feel invigorated.
The hornet stings you but does no damage. x2
You hit the hornet but do no damage.
The hornet is moderately wounded.
The hornet stings you but does no damage.
You bump into the rock wall.
The hornet stings you!
* * * LOW HITPOINT WARNING * * *
The hornet stings you!
You die...

### ##@#
##.y##
##....#
##....##
#......#
#.......#
##....$..#
#....(....
...........


You could see a hornet.

Vanquished Creatures
  Sigmund (D:2)
  A sky beast (D:4)
  An ogre (D:4)
  An orc priest (D:3)
  A hound (D:4)
  Jessica (D:2)
  An orc wizard (D:3)
  Ijyb (D:3)
  An iguana (D:4)
  Robin (D:2)
  3 adders
  A worm (D:1)
  3 dart slugs
  3 orcs
  5 ball pythons
  4 bats (D:1)
  4 endoplasms
  3 giant cockroaches (D:1)
  16 goblins
  10 hobgoblins
  3 jackals (D:1)
  7 quokkas
  4 frilled lizards
  10 kobolds
  5 rats
91 creatures vanquished.

Notes
Turn   | Place    | Note
-------+----------+-------------------------------------------
     0 | D:1      | Majang the Ghoul Gladiator began the quest for the Orb.
     0 | D:1      | Reached XP level 1. HP: 17/17 MP: 0/0
   131 | D:1      | Reached skill level 3 in Axes
   165 | D:1      | Reached XP level 2. HP: 25/25 MP: 1/1
   259 | D:1      | Reached XP level 3. HP: 24/30 MP: 2/2
   351 | D:1      | Found a faded altar of an unknown god.
   654 | D:1      | Found Quciarr's Magic Scroll Shoppe.
   662 | D:1      | Bought a scroll of identify for 22 gold pieces
   662 | D:1      | Bought a scroll of magic mapping for 38 gold pieces
   662 | D:1      | Bought a scroll of fog for 22 gold pieces
   857 | D:2      | Noticed Jessica
   863 | D:2      | Killed Jessica
   864 | D:2      | Reached skill level 4 in Axes
   864 | D:2      | Reached XP level 4. HP: 38/38 MP: 3/3
   988 | D:2      | Noticed Robin
   999 | D:2      | Killed Robin
  1049 | D:2      | Reached XP level 5. HP: 45/45 MP: 4/4
  1076 | D:2      | Noticed Sigmund
  1444 | D:2      | Killed Sigmund
  1445 | D:2      | Reached skill level 5 in Axes
  1445 | D:2      | Reached XP level 6. HP: 51/53 MP: 5/5
  2072 | D:3      | Noticed Ijyb
  2087 | D:3      | Killed Ijyb
  2571 | D:4      | Reached skill level 1 in Armour
  2571 | D:4      | Reached XP level 7. HP: 60/60 MP: 6/6
  2918 | D:4      | Reached skill level 6 in Axes
  2991 | D:4      | You are sucked into a shaft and drop 3 floors!
  2991 | D:7      | Noticed a hornet
  3004 | D:7      | HP: 2/60 [hornet (13)]
  3007 | D:7      | Mangled by a hornet

Illustrated notes

Levels and vault maps discovered:
D:1:      dpeg_arrival_simpleton_c, layout_rooms,
          ebering_ecumenical_altar_abandoned, serial_shops, nicolae_shop_stone
D:2:      layout_basic, minmay_quadrilaterals, uniq_sigmund, uniq_jessica,
          uniq_robin
D:3:      kennysheep_the_goblin_king, layout_rooms, roderic_lattice_a,
          grunt_ministairs_7
D:4:      layout_rooms
D:7:      layout_cave_pools, minmay_circle_x, uniq_duvessa

Skill      XL: |  1  2  3  4  5  6  7 |
---------------+----------------------+-----
Axes           | 3 4 5 6 |  6.0
Fighting       | 3 4 |  4.9
Throwing       | 2 |  2.3
Armour         | 1 |  1.4
Dodging        | 3 |  3.1

Action                   |  1- 3 |  4- 6 |  7- 9 || total
-------------------------+-------+-------+-------++-------
Melee: War axe           |    86 |   140 |    42 ||   268
Throw: Throwing net      |     1 |     2 |       ||     3
       Javelin           |       |     3 |     1 ||     4
  Use: Potion            |       |       |     1 ||     1
 Stab: Held in net/web   |       |     3 |       ||     3
Armor: Chain mail        |    47 |    80 |    28 ||   155
Dodge: Dodged            |    48 |    39 |     6 ||    93
Block: Other             |       |    17 |     3 ||    20
       Reflection        |       |     1 |       ||     1

Table legend: (Time is in decaauts)
 A = Elapsed time spent in this place.
 B = Non-inter-level travel time spent in this place.
 C = Inter-level travel time spent in this place.
 D = Time resting spent in this place.
 E = Time spent auto-exploring this place.
 F = Levels seen in this place.
 G = Mean time per level.
                   A        B        C        D        E       F      G
               +--------+--------+--------+--------+--------+-----+--------+
         Total |   3085 |   3001 |     84 |    736 |   1405 |   5 |  617.0 |
       Dungeon |   3085 |   3001 |     84 |    736 |   1405 |   5 |  617.0 |
               +--------+--------+--------+--------+--------+-----+--------+

Top non-repeatable levels by time:
     D:1: 1069 daAuts
     D:3: 841 daAuts
     D:2: 687 daAuts
     D:4: 469 daAuts
     D:7: 17 daAuts
